 Dungeon Crawl Stone Soup version 0.23.2-30-g0e89c35649 (webtiles) character file.

Game seed: 6636919437951448873

7998 Pyrotika the Fighter (level 11, -6/102 HPs)
             Began as a Hill Orc Fighter on June 12, 2019.
             Was a Follower of Uskayaw.
             Killed by nerve-wracking pain
             ... invoked by a shadow imp
              (11 damage)
             ... on level 10 of the Dungeon.
             The game lasted 00:29:30 (9316 turns).

Pyrotika the Fighter (Hill Orc Fighter)             Turns: 9316, Time: 00:29:30

Health: -6/102     AC: 10    Str: 26    XL:     11   Next: 24%
Magic:  11/11      EV: 19    Int:  8    God:    Uskayaw [*.....]
Gold:   431        SH: 12    Dex: 17    Spells: 10/10 levels left

rFire    . . .     SeeInvis .   v - +3 whip (venom)
rCold    . . .     Gourm    .   c - +0 shield
rNeg     . . .     Faith    .   n - +0 leather armour (curse)
rPois    .         Spirit   .   s - +0 helmet
rElec    .         Reflect  .   (no cloak)
rCorr    .         Harm     .   K - +1 pair of gloves
MR       .....                  r - +1 pair of boots
Stlth    ++........             (no amulet)
HPRegen  0.27/turn              (no ring)
MPRegen  0.12/turn              (no ring)

@: mighty, agile
A: no striking features
a: Stomp, Renounce Religion, Convert to Beogh


You were on level 10 of the Dungeon.
You worshipped Uskayaw.
Uskayaw was noncommittal.
You were not hungry.

You visited 2 branches of the dungeon, and saw 11 of its levels.

You collected 647 gold pieces.
You spent 216 gold pieces at shops.

Inventory:

Hand Weapons
 a - a +0 war axe
 v - a +3 whip of venom (weapon)
 I - the +12 quarterstaff of Departure {speed, rPois MR- Dex+4 Stlth+, unknown}
   (You found it on level 6 of the Dungeon)

   Attacks with this weapon are significantly faster.
   It affects your dexterity (+4).
   It protects you from poison.
   It affects your resistance to hostile enchantments.
   It makes you more stealthy.
 P - a +4 great sword
Armour
 c - a +0 shield (worn)
 n - a cursed +0 leather armour (worn)
 r - a +1 pair of boots (worn)
 s - a +0 helmet (worn)
 B - the +2 robe "Zeha Cam" {rPois rC- Regen+ Dex+9, unknown}
   (You found it on level 4 of the Dungeon)

   It affects your dexterity (+9).
   It makes you vulnerable to cold.
   It protects you from poison.
   It increases your rate of regeneration.
 K - a +1 pair of gloves (worn)
Jewellery
 N - a cursed ring of wizardry {unknown}
 Q - a cursed ring of attention {unknown}
Wands
 q - a wand of polymorph (7)
 x - a wand of flame (49)
 H - a wand of digging (4)
 O - a wand of clouds (3)
Scrolls
 b - a scroll of teleportation
 e - 5 scrolls of remove curse
 i - 3 scrolls of blinking {unknown}
 j - 3 scrolls of magic mapping {unknown}
 k - 3 scrolls of amnesia {unknown}
 m - 2 scrolls of enchant armour
 o - 8 scrolls of identify {unknown}
 w - a scroll of fog {unknown}
 y - a scroll of random uselessness {unknown}
 A - 5 scrolls of fear {unknown}
 G - a scroll of vulnerability {unknown}
 J - 3 scrolls of immolation {unknown}
 L - a scroll of torment {unknown}
Potions
 g - 8 potions of heal wounds {unknown}
 h - 2 potions of mutation {unknown}
 l - 4 potions of resistance {unknown}
 p - 2 potions of flight {unknown}
 t - 3 potions of agility
 u - 2 potions of brilliance {unknown}
 z - 3 potions of lignification {unknown}
 C - a potion of magic {unknown}
 D - 5 potions of curing {unknown}
 E - 2 potions of degeneration {unknown}
 F - 3 potions of haste {unknown}
 M - a potion of berserk rage {unknown}
Comestibles
 f - 14 rations


   Skills:
 * Level 11.3 Fighting
 - Level 4.2(8.5) Axes
 * Level 9.6(9.9) Maces & Flails
 + Level 7.8 Armour
 + Level 5.2 Dodging
 + Level 7.8 Shields


You had 10 spell levels left.
You didn't know any spells.
Your spell library was empty.

Dungeon Overview and Level Annotations

Branches:
Dungeon (10/15)            Temple (1/1) D:5
   Lair: D:8-11         Orc: D:9-12

Altars:
Ashenzari
Cheibriados
Dithmenos
Elyvilon
Fedhas
Gozag
Hepliaklqana
Kikubaaqudgha
Makhleb
Nemelex Xobeh
Okawaru
Qazlal
Ru
Sif Muna
Trog
Uskayaw
Vehumet
Wu Jian
Xom
Yredelemnul
Zin
The Shining One

Shops:
D:4 :   D:6 *   D:7 :*=?

Annotations:
D:5 1 runed translucent door, Grinder
D:7 2 transporters


Message History

You feel agile all of a sudden. The tengu warrior closely misses you.
The tengu warrior pecks you but does no damage.
The tengu warrior claws you.
* * * LOW HITPOINT WARNING * * *
You miss the tengu warrior.
The tengu warrior is almost dead.
The orc wizard mumbles some strange words.
The orc wizard blinks!
The orc priest threatens, "By the altar or by the axe, you will meet Beogh!"
You hit the tengu warrior.
The tengu warrior looks as sick as possible!
The tengu warrior is almost dead.
You kill the tengu warrior!
The orc priest mumbles some strange prayers to Beogh against you.
Beogh smites you!
* * * LOW HITPOINT WARNING * * *
The shadow imp gestures at you. Pain shoots through your body!
You die...

#..$# ##..............# '.#
+..####'##......#.. #.Y?#
#..#.....#......#.. #.Yz#
#.#.....#......#.. ##..z.
###.'.....#....###.. # .z....
#...#######....#.... # #.....
##..............#.... # ##..(
###...............#....
###########..o5.@...........#''##
.........o.##########............
####.......#........#............
#..........#........############'
#..........#.....................
#..........#.....................
#..........#.......#######.......
#..........#.......#.....'.......
#..........#.......#.....#.......


You could see an orc priest, a shadow imp and an orc.

Vanquished Creatures
  2 two-headed ogres
  A tengu warrior (D:10)
  Maurice (D:8)
  A hippogriff (D:8)
  Sigmund (D:5)
  3 hogs (D:7)
  A human (D:7)
  2 hungry ghosts
  7 yaks
  Edmund (D:6)
  A water moccasin (D:7)
  Duvessa (D:4)
  An eye of draining (D:8)
  An ice beast (D:10)
  3 sky beasts
  3 orc warriors
  2 centaurs
  2 ogres
  A big kobold (D:9)
  7 bullfrogs
  Dowan (D:4)
  2 scorpions
  11 wights
  An electric eel (D:10)
  2 howler monkeys
  2 bullfrog zombies
  A quasit (D:9)
  2 centaur zombies
  5 orc wizards
  An orc priest (D:6)
  4 hounds
  3 jellies
  A centaur skeleton (D:6)
  3 iguanas
  3 worker ants
  A killer bee zombie (D:9)
  2 hound skeletons
  A worker ant zombie (D:6)
  3 gnolls (D:9)
  11 adders
  An adder zombie (D:3)
  3 worms
  A leopard gecko (D:5)
  18 orcs
  3 ball pythons
  6 bats
  5 giant cockroaches
  4 goblins
  3 hobgoblins
  15 jackals
  11 kobolds
  3 quokkas
  3 frilled lizards
  8 rats
186 creatures vanquished.

Vanquished Creatures (others)
  A plant (D:10)
1 creature vanquished.

Grand Total: 187 creatures vanquished

Notes
Turn   | Place    | Note
-------+----------+-------------------------------------------
     0 | D:1      | Pyrotika the Hill Orc Fighter began the quest for the Orb.
     0 | D:1      | Reached XP level 1. HP: 19/19 MP: 1/1
   274 | D:1      | Reached XP level 2. HP: 27/27 MP: 2/2
   774 | D:2      | Reached skill level 4 in Fighting
   774 | D:2      | Reached XP level 3. HP: 29/33 MP: 3/3
   802 | D:2      | Found an iron altar of Okawaru.
  1196 | D:2      | Reached XP level 4. HP: 40/40 MP: 4/4
  1837 | D:3      | Reached skill level 1 in Dodging
  1858 | D:3      | Reached XP level 5. HP: 37/47 MP: 5/5
  2396 | D:4      | Found Vor Fuucw's Book Shoppe.
  2397 | D:4      | Noticed Duvessa
  2411 | D:4      | Killed Duvessa
  2411 | D:4      | Reached skill level 5 in Fighting
  2411 | D:4      | Reached skill level 1 in Maces & Flails
  2411 | D:4      | Reached XP level 6. HP: 43/56 MP: 6/6
  2413 | D:4      | Noticed Dowan
  2424 | D:4      | Killed Dowan
  2793 | D:4      | Reached XP level 7. HP: 54/62 MP: 7/7
  2913 | D:4      | Got a crude robe
  3231 | D:5      | Entered Level 5 of the Dungeon
  3255 | D:5      | Found a runed translucent door.
  3255 | D:5      | Found a glowing golden altar of the Shining One.
  3255 | D:5      | Noticed an angel
  3322 | D:5      | Noticed Grinder
  3405 | D:5      | Noticed Sigmund
  3414 | D:4      | Reached skill level 6 in Fighting
  3517 | D:5      | Found a staircase to the Ecumenical Temple.
  3538 | Temple   | Entered the Ecumenical Temple
  3763 | D:5      | Killed Sigmund
  4204 | D:6      | Reached XP level 8. HP: 71/71 MP: 8/8
  4241 | D:6      | Reached skill level 7 in Fighting
  4241 | D:6      | Reached skill level 5 in Armour
  4250 | D:6      | Reached skill level 5 in Shields
  4454 | D:6      | Got a jewelled quarterstaff
  4756 | D:6      | Reached skill level 5 in Maces & Flails
  4832 | D:6      | Found Dooniamp's Assorted Antiques.
  5004 | D:6      | Noticed Edmund
  5021 | D:6      | Killed Edmund
  5204 | D:7      | Found Fiebb's Book Shoppe.
  5251 | D:7      | Found Fuejixos's General Store.
  5258 | D:7      | Bought a scroll of teleportation for 48 gold pieces
  5258 | D:7      | Bought a scroll of enchant armour for 120 gold pieces
  5258 | D:7      | Bought a scroll of remove curse for 48 gold pieces
  5277 | D:7      | Found Boral's Jewellery Boutique.
  5292 | D:7      | Reached skill level 8 in Fighting
  5292 | D:7      | Reached XP level 9. HP: 76/81 MP: 9/9
  5322 | D:7      | Found a sacrificial altar of Ru.
  5323 | D:7      | Found a shattered altar of Ashenzari.
  5335 | D:7      | Found a transporter.
  5525 | D:7      | Found a transporter.
  5533 | D:7      | Noticed a kobold demonologist
  5965 | D:7      | Reached skill level 9 in Fighting
  5975 | D:7      | Found Vuxo Puz's Magic Scroll Shoppe.
  6141 | D:8      | Noticed a two-headed ogre
  6195 | D:8      | Noticed Maurice
  6484 | D:8      | Killed Maurice
  6631 | D:8      | Found a deep blue altar of Sif Muna.
  6654 | D:8      | Reached XP level 10. HP: 26/91 MP: 10/10
  6801 | D:8      | Found a basalt altar of Yredelemnul.
  6886 | D:8      | Found a shadowy altar of Dithmenos.
  6887 | D:8      | Found a burning altar of Makhleb.
  6887 | D:8      | Found an ornate altar of the Wu Jian Council.
  6887 | D:8      | Found an opulent altar of Gozag.
  6890 | D:8      | Found a radiant altar of Vehumet.
  6891 | D:8      | Found an ancient bone altar of Kikubaaqudgha.
  7364 | D:8      | Reached skill level 10 in Fighting
  7687 | D:8      | Killed a two-headed ogre
  7768 | D:9      | Found a snail-covered altar of Cheibriados.
  8437 | D:9      | Found a hide-covered altar of Uskayaw.
  8442 | D:9      | Became a worshipper of Uskayaw the Reveler
  8473 | D:9      | Reached * piety under Uskayaw
  8479 | D:9      | Reached ** piety under Uskayaw
  8733 | D:10     | Entered Level 10 of the Dungeon
  8851 | D:10     | Noticed a two-headed ogre
  8863 | D:10     | Reached *** piety under Uskayaw
  8864 | D:10     | Killed a two-headed ogre
  9051 | D:10     | Reached skill level 5 in Dodging
  9203 | D:10     | Reached skill level 11 in Fighting
  9203 | D:10     | Reached XP level 11. HP: 81/102 MP: 11/11
  9215 | D:10     | Reached **** piety under Uskayaw
  9249 | D:10     | Reached ***** piety under Uskayaw
  9274 | D:10     | Reached ****** piety under Uskayaw
  9280 | D:10     | Noticed a tengu warrior
  9314 | D:10     | Killed a tengu warrior
  9314 | D:10     | HP: 4/102 [orc priest/divine providence (14)]
  9316 | D:10     | Killed from afar by a shadow imp

Skill      XL: |  1  2  3  4  5  6  7  8  9 10 |
---------------+-------------------------------+-----
Axes           | 3 4 |  4.2
Fighting       | 4 5 6 8 9 11 | 11.3
Dodging        | 1 2 3 4 5 |  5.2
Maces & Flails | 1 2 3 5 7 9 |  9.6
Armour         | 4 5 6 7 |  7.8
Shields        | 4 5 6 7 |  7.8

Action                   |  1- 3 |  4- 6 |  7- 9 | 10-12 || total
-------------------------+-------+-------+-------+-------++-------
Melee: War axe           |    90 |    56 |       |       ||   146
       Whip              |       |    99 |   344 |   355 ||   798
  Use: Potion            |       |       |       |     3 ||     3
       Scroll            |       |       |       |     1 ||     1
 Stab: Paralysed         |       |       |       |     4 ||     4
       Sleeping          |       |       |       |     1 ||     1
  Eat: Chunk             |     1 |     5 |     4 |     2 ||    12
       Ration            |       |       |     4 |     3 ||     7
Armor: Scale mail        |    62 |    44 |    43 |       ||   149
       Leather armour    |       |       |    29 |    63 ||    92
Dodge: Dodged            |    24 |    29 |    94 |    88 ||   235
Block: Shield            |    51 |    76 |   116 |   108 ||   351
